 Dungeon Crawl Stone Soup version 0.30-a0-576-g89cddaab80 (webtiles) character file.

Game seed: 7841790715649467210

6 Newt the Ducker (level 1, 0/16 HPs)
             Began as a Demonspawn Gladiator on Dec 30, 2022.
             Slain by a kobold
             ... wielding a +3 dagger of speed
              (1 damage)
             ... on level 1 of the Dungeon.
             The game lasted 00:00:21 (241 turns).

Newt the Ducker (Demonspawn Gladiator)               Turns: 241, Time: 00:00:22

Health: 0/16       AC:  4    Str: 14    XL:     1   Next: 75%
Magic:  1/1        EV: 12    Int:  9    God:
Gold:   0          SH:  0    Dex: 14    Spells: 0/0 levels left

rFire   . . .      SeeInvis .    a - +0 rapier
rCold   . . .      Faith    .    (no shield)
rNeg    . . .      Spirit   .    b - +0 leather armour
rPois   .          Reflect  .    c - +0 helmet
rElec   .          Harm     .    (no cloak)
rCorr   .          Rampage  .    (no gloves)
Will    .....                    (no boots)
Stlth   ++                       (no amulet)
HPRegen 0.22/turn                (no ring)
MPRegen 0.07/turn                (no ring)

@: no status effects
A: sense surroundings 1, inability to drink after injury 1, devolution 1
a: no special abilities


You were on level 1 of the Dungeon.
You visited 1 branch of the dungeon, and saw 1 of its levels.

Inventory:

Hand Weapons
 a - a +0 rapier (weapon)
Armour
 b - a +0 leather armour (worn)
 c - a +0 helmet (worn)
Scrolls
 g - a scroll of poison {unknown}


   Skills:
 - Level 2.0 Fighting
 - Level 2.6 Short Blades
 - Level 1.7 Throwing
 - Level 2.6 Dodging
 + Level 1.4 Stealth


You couldn't memorise any spells.
You didn't know any spells.
Your spell library was empty.

Dungeon Overview and Level Annotations

Branches:
Dungeon (1/15)

Altars:


Innate Abilities, Weirdness & Mutations

You passively map a small area around you.
You occasionally lose the ability to drink potions when taking damage.
You have hidden genetic defects.


Message History

You are too injured to fight recklessly!
You are too injured to fight recklessly!
You are too injured to fight recklessly!
You are too injured to fight recklessly!
You are too injured to fight recklessly!
You are too injured to fight recklessly!
You are too injured to fight recklessly!
Throw: 2 throwing nets
Press: ? - help, Q - select action, (/) - cycle Shift-Dir - straight line, f - kobold
Aim: a kobold, wielding a +3 dagger of speed (51% to hit)
You throw a throwing net.
The throwing net closely misses the kobold.
The kobold hits you with a +3 dagger of speed.
* * * LOW HITPOINT WARNING * * *
Throw: throwing net
Press: ? - help, Q - select action, (/) - cycle Shift-Dir - straight line, f/p - kobold
Aim: a kobold, wielding a +3 dagger of speed (51% to hit)
You throw a throwing net.
The throwing net barely misses the kobold.
The kobold closely misses you. The kobold hits you but does no damage.
Unknown command.
Throw: javelin
Press: ? - help, Shift-Dir - straight line, f/p - kobold
Aim: a kobold, wielding a +3 dagger of speed (51% to hit)
You throw a javelin. The javelin barely misses the kobold.
The kobold hits you but does no damage. x2
Unknown command.
You closely miss the kobold.
The kobold hits you with a +3 dagger of speed.
* * * LOW HITPOINT WARNING * * *
The kobold closely misses you.
It was a potion of mutation.
You feel extremely strange.
You feel a hidden malignance growing inside you.
You occasionally lose the ability to drink potions when taking damage.
You feel a strange attunement to the structure of the dungeons.
The kobold hits you but does no damage.
Unknown command.
You closely miss the kobold.
The kobold hits you with a +3 dagger of speed.
You die...

####### #.(...##
*..>....##
*#.......## *
*#......... ,
#........# #......
,, #........#
#...... ,
#.K......# #......
#.@......# #......
., #........#
#......
....###.....####
#......
.........####
#...... ....####.#
#...... ..
#[##########......
#.................
* ,
#.##########......
*, #.# #......


You could see a kobold.

Vanquished Creatures
  A ball python (D:1)
  An endoplasm (D:1)
  A goblin (D:1)
  A hobgoblin (D:1)
  A frilled lizard (D:1)
5 creatures vanquished.

Notes
Turn   | Place    | Note
-------+----------+-------------------------------------------
     0 | D:1      | Newt the Demonspawn Gladiator began the quest for the Orb.
     0 | D:1      | Reached XP level 1. HP: 16/16 MP: 1/1
    35 | D:1      | Reached skill level 1 in Stealth
   240 | D:1      | Gained mutation: You have hidden genetic defects. [potion
                  | of mutation]
   240 | D:1      | Gained mutation: You occasionally lose the ability to drink
                  | potions when taking damage. [potion of mutation]
   240 | D:1      | Gained mutation: You passively map a small area around you.
                  | [potion of mutation]
   241 | D:1      | Slain by a kobold

Illustrated notes

Levels and vault maps discovered:
D:1:      psy_arrival_dodecagon, layout_basic, serial_shops, shop

Skill      XL: |  1 |
---------------+----+-----
Stealth        | 1 |  1.4
Fighting       | |  2.0
Short Blades   | |  2.6
Throwing       | |  1.7
Dodging        | |  2.6

Action                   || total
-------------------------++-------
Melee: Rapier            ||    17
Throw: Throwing net      ||     3
       Javelin           ||     1
  Use: Potion            ||     1
Armor: Leather armour    ||     8
Dodge: Dodged            ||     9

Table legend: (Time is in decaauts)
 A = Elapsed time spent in this place.
 B = Non-inter-level travel time spent in this place.
 C = Inter-level travel time spent in this place.
 D = Time resting spent in this place.
 E = Time spent auto-exploring this place.
 F = Levels seen in this place.
 G = Mean time per level.
                   A        B        C        D        E       F      G
               +--------+--------+--------+--------+--------+-----+--------+
         Total |    242 |    242 |      0 |    161 |     41 |   1 |  242.0 |
       Dungeon |    242 |    242 |      0 |    161 |     41 |   1 |  242.0 |
               +--------+--------+--------+--------+--------+-----+--------+

Top non-repeatable levels by time:
     D:1: 242 daAuts
